 Dungeon Crawl Stone Soup version 0.28-a0-909-g796cbd3a86 (webtiles) character file.

Game seed: 8774297516868730954

158 croobank the Insei (level 5, -5/33 HPs)
             Began as an Octopode Transmuter on Nov 24, 2021.
             Killed from afar by an orc wizard (11 damage)
             ... with a puff of flame
             ... on level 3 of the Dungeon.
             The game lasted 00:15:38 (3079 turns).

croobank the Insei (Octopode Transmuter)            Turns: 3079, Time: 00:15:39

Health: -5/33      AC:  1    Str: 10    XL:     5   Next: 39%
Magic:  7/9        EV: 13    Int: 16    God:
Gold:   103        SH:  0    Dex: 12    Spells: 6/9 levels left

rFire   . . .      SeeInvis .   a - +0 spear
rCold   . . .      Faith    .   (no shield)
rNeg    . . .      Spirit   .   (helmet currently unavailable)
rPois   .          Reflect  .   (no amulet)
rElec   .          Harm     .   c - ring of willpower
rCorr   .          Rampage  .   (no ring)
Will    +....                   (no ring)
Stlth   +++.......              (no ring)
HPRegen 0.11/turn               (no ring)
MPRegen 0.11/turn               (no ring)
                                (no ring)
                                (no ring)

@: appendages (expiring), wereblooded
A: tentacle spike 3, almost no armour, amphibious, 8 rings, camouflage 1,
gelatinous body 1, (nimble swimmer 1), tentacles
a: End Transformation


You were on level 3 of the Dungeon.
One of your tentacles had grown a beastly spike.
You visited 1 branch of the dungeon, and saw 4 of its levels.

You collected 103 gold pieces.

Inventory:

Hand Weapons
 a - a +0 spear (weapon)
 b - a +0 short sword
 d - a +0 dagger
 j - a +0 quarterstaff
 l - a +3 dagger
Missiles
 f - 52 stones
 h - 35 sling bullets
Jewellery
 c - a ring of willpower (left tentacle)
Scrolls
 g - a scroll of silence
 i - 3 scrolls of teleportation {unknown}
 k - a scroll of noise {unknown}
Potions
 e - 3 potions of cancellation
 m - a potion of brilliance {unknown}
 n - 2 potions of haste {unknown}


   Skills:
 + Level 1.4 Fighting
 - Level 0.7 Short Blades
 * Level 1.0 Polearms
 + Level 2.4 Dodging
 + Level 2.5 Stealth
 + Level 3.5 Unarmed Combat
 + Level 2.9 Spellcasting
 + Level 3.0 Transmutations


You had 6 spell levels left.
You knew the following spells:

 Your Spells              Type           Power      Damage    Failure   Level
a - Beastly Appendage     Tmut           24%        N/A       5%          1
b - Wereblood             Tmut           12%        N/A       9%          2

Your spell library contained the following spells:

 Spells                   Type           Power      Damage    Failure   Level
 Animate Skeleton         Necr           4%         N/A       19%         1
 Apportation              Tloc           4%         N/A       19%         1
 Summon Small Mammal      Summ           8%         N/A       19%         1
 Spider Form              Tmut/Pois      7%         N/A       30%         3
 Ignite Poison            Fire/Tmut/Pois 5%         N/A       36%         3
 Gell's Gravitas          Tloc           2%         N/A       50%         3
 Mephitic Cloud           Conj/Pois/Air  2%         N/A       50%         3
 Teleport Other           Tloc           2%         N/A       50%         3
 Ice Form                 Ice/Tmut       7%         N/A       69%         4
 Freezing Cloud           Conj/Ice/Air   1%         6-21      99%         5
 Dispersal                Tloc           1%         N/A       100%        6


Dungeon Overview and Level Annotations

Branches:
Dungeon (4/15)
 Temple: D:4-7

Altars:
Wu Jian


Innate Abilities, Weirdness & Mutations

One of your tentacles has grown a beastly spike.
You cannot wear most types of armour.
You are amphibious.
You can wear up to eight rings at the same time.
Your skin changes colour to match your surroundings (Stealth+).
Your rubbery body absorbs attacks. (AC +1, EV +1)
((You are camouflaged near water. (Stealth+)))
You have tentacles for arms and can constrict up to eight enemies at once.


Message History

The orc is lightly wounded.
You constrict the orc. The orc hits you with a +0 club.
The orc completely misses you.
You hit the orc. You squeeze the orc.
You kill the orc!
Your Polearms skill increases to level 1!
There is an open door here.
You see here a +0 leather armour.
Found an ornate altar of the Wu Jian Council.
Found a dagger.
An orc wizard comes into view. It is wielding a +0 dagger.
Casting: Beastly Appendage (safe; 5% risk of failure)
Confirm with . or Enter, or press ? or * to list all spells.
One of your tentacles grows a vicious spike.
The orc wizard mumbles some strange words.
The orc wizard flickers and vanishes!
Deactivating autopickup; reactivate with Ctrl-A.
Something hits you.
You hit something.
Your tentacle spike misses something.
Something hits you. x2
You closely miss something.
You pierce something.
Something hits you.
You miss something.
Your tentacle spike misses something.
Something hits you.
You barely miss something. Something hits you.
You hit something.
You pierce something.
Something hits you.
Casting: Beastly Appendage (safe; 5% risk of failure)
Confirm with . or Enter, or press ? or * to list all spells.
Your blood is infused with primal strength.
Something hits you.
You barely miss something.
You pierce something.
Your squeeze misses something.
Your transformation is almost over.
Something hits you.
You barely miss something. Something barely misses you.
You hit something. Something hits you.
* * * LOW HITPOINT WARNING * * *
Okay, then.
Okay, then.
You closely miss something.
You hear some strange, mumbled words.
A puff of flame appears from out of thin air!
The puff of flame hits you!
You die...

.....'.......#
.....####....#
... ##.#)### .
#......#
#.##.#.# #.#
.#.# #.# # #
#.# #@# #{#
#.# #.. ###


There were no monsters in sight!

Vanquished Creatures
  An orc priest (D:3)
  An orc wizard (D:3)
  2 adders (D:3)
  2 dart slugs (D:3)
  5 orcs (D:3)
  8 ball pythons
  6 bats
  6 endoplasms
  3 giant cockroaches
  8 goblins
  4 hobgoblins
  2 jackals (D:2)
  7 kobolds
  3 quokkas
  3 frilled lizards
  8 rats
69 creatures vanquished.

Notes
Turn   | Place    | Note
-------+----------+-------------------------------------------
     0 | D:1      | croobank the Octopode Transmuter began the quest for the
                  | Orb.
     0 | D:1      | Reached XP level 1. HP: 13/13 MP: 3/3
   186 | D:1      | Reached XP level 2. HP: 18/18 MP: 3/5
   223 | D:1      | Reached skill level 1 in Stealth
  1311 | D:2      | Reached XP level 3. HP: 21/23 MP: 4/6
  1577 | D:2      | Learned a level 2 spell: Wereblood
  2062 | D:3      | You fall into a shaft and drop 1 floor!
  2201 | D:3      | Reached XP level 4. HP: 28/28 MP: 5/7
  2424 | D:3      | Reached XP level 5. HP: 16/33 MP: 4/9
  2960 | D:3      | Reached skill level 1 in Polearms
  3034 | D:3      | Found an ornate altar of the Wu Jian Council.
  3079 | D:3      | Killed from afar by an orc wizard

Illustrated notes

Levels and vault maps discovered:
D:1:      lightli_arrival_statuegarden, layout_loops_ring
D:2:      layout_loops_ring
D:3:      layout_loops_corners, nicolae_wu_jian_wuxing_cycle,
          minmay_joined_circles, uniq_crazy_yiuf_cottage
D:4:      layout_layer_cave, ebering_ghost_gozag

Skill      XL: |  1  2  3  4  5 |
---------------+----------------+-----
Stealth        | 1 2 |  2.5
Transmutations | 3 |  3.0
Polearms       | 1 |  1.0
Fighting       | |  1.4
Short Blades   | |  0.7
Dodging        | |  2.4
Unarmed Combat | |  3.5
Spellcasting   | |  2.9

Action                   |  1- 3 |  4- 6 || total
-------------------------+-------+-------++-------
Melee: Unarmed           |    12 |       ||    12
       Constrict         |    25 |    19 ||    44
       Kick              |    20 |     8 ||    28
       Tentacles         |    13 |     9 ||    22
       Dagger            |    77 |    33 ||   110
       Punch             |     2 |     2 ||     4
       Spear             |       |    29 ||    29
 Cast: Beastly Appendage |    27 |     5 ||    32
       Wereblood         |     1 |     4 ||     5
  Use: Scroll            |     5 |       ||     5
 Stab: Sleeping          |     8 |     3 ||    11
Armor: Skin              |    10 |     2 ||    12
Dodge: Dodged            |    62 |    25 ||    87

Table legend: (Time is in decaauts)
 A = Elapsed time spent in this place.
 B = Non-inter-level travel time spent in this place.
 C = Inter-level travel time spent in this place.
 D = Time resting spent in this place.
 E = Time spent auto-exploring this place.
 F = Levels seen in this place.
 G = Mean time per level.
                   A        B        C        D        E       F      G
               +--------+--------+--------+--------+--------+-----+--------+
         Total |   3076 |   3003 |     73 |    707 |   1726 |   4 |  769.0 |
       Dungeon |   3076 |   3003 |     73 |    707 |   1726 |   4 |  769.0 |
               +--------+--------+--------+--------+--------+-----+--------+

Top non-repeatable levels by time:
     D:2: 1211 daAuts
     D:3: 1020 daAuts
     D:1: 837 daAuts
     D:4: 6 daAuts
